[Event "Late-Titled-Tuesday-Blitz-October-24-2023"]
[Site "Chess.com"]
[Date "2023.10.24"]
[Round "5"]
[White "egnfanclub"]
[Black "Alphafischer2019"]
[Result "0-1"]
[WhiteElo "2372"]
[BlackElo "2613"]
[TimeControl "180+1"]
[EndTime "14:55:22 PDT"]
[Termination "Alphafischer2019 won by checkmate"]

1. e4 c5 2. Nc3 Nc6 3. f4 g6 4.
Nf3 Bg7 5. Bc4 e6 6. f5 Nge7 7. fxe6 dxe6 8. d3 O-O 9. O-O h6 10. Qe1 Nd4 11. Qh4 Nxf3+ 12. Rxf3 g5 13. Qh5 Ng6 14. Be3 b6 15. Raf1 a6 16. a4 Ne5 17.
Rg3 Nxc4 18. dxc4 f6 19. h4 Qe8 20. Qf3 Bb7 21. hxg5 fxg5 22. Qe2 Qe7 23. Rgf3 Rxf3 24. Rxf3 Rf8 25. Qd3 Bc6 26. Rxf8+ Qxf8 27. b3 Be5 28. Ne2 Qf6 29. a5 bxa5 30. Bxc5 g4 31. Ng3 h5 32. Nxh5 Qh4 33. Bd4 Qxh5 34. Bxe5 Qxe5 35. Qd8+ Kf7 36. Qb6 g3 37. Qxc6 Qa1# 0-1

[Event "Late-Titled-Tuesday-Blitz-October-24-2023"]
[Site "Chess.com"]
[Date "2023.10.24"]
[Round "5"]
[White "IgorBjelobrk"]
[Black "Hirna2005"]
[Result "1-0"]
[WhiteElo "2586"]
[BlackElo "2321"]
[TimeControl "180+1"]
[EndTime "14:55:25 PDT"]
[Termination "IgorBjelobrk won by resignation"]

1. d4 g6 2. e4 Bg7 3. Nf3 d6 4. Nbd2 Nd7 5. c3 c5 6. Bd3 b6 7. O-O Bb7 8. Re1 Ngf6 9. a4 O-O 10. h3 cxd4 11. cxd4 e5 12. d5 Nc5 13. Bc2 a5 14. b3 Ba6 15. Ba3 Rc8 16. Nc4 Bxc4 17. bxc4 Nfd7 18. Rb1 f5 19. Rb5 Qf6 20. Re2 Bh6 21.
Nh2 Rf7 22. Nf3 f4 23. Qb1 Bf8 24. Bd1 g5 25. Reb2 h5 26. Nh2 Qg6 27. Bxc5 Rxc5 28. Rxc5 dxc5 29. Bf3 Rg7 30. Qd1 Rh7 31. d6 Rh6 32. Rd2 Kf7 33. Rd5 Ke8 34. Kf1 Kd8 35. Ke1 Bxd6 36. Bxh5 Qf6 37. Ng4 Qf8 38. Nxh6 Qxh6 39.
Rxd6 Qg7 40. Bg4 1-0

[Event "Late-Titled-Tuesday-Blitz-October-24-2023"]
[Site "Chess.com"]
[Date "2023.10.24"]
[Round "5"]
[White "Beca95"]
[Black "Aygehovit1992"]
[Result "1-0"]
[WhiteElo "2921"]
[BlackElo "2656"]
[TimeControl "180+1"]
[EndTime "14:55:30 PDT"]
[Termination "Beca95 won on time"]

1. e4 c5 2. a4 Nc6 3. Bb5 g6 4. Bxc6 bxc6 5. d3 Bg7 6. f4 d5 7. Qe2 c4 8. e5 cxd3 9. cxd3 f6 10. Nf3 Bg4 11. O-O Nh6 12. Nbd2 fxe5 13. fxe5 O-O 14. h3 Qb6+ 15. d4 Bc8 16. a5 Qb4 17. b3 Nf5 18. Qf2 Ba6 19. Ba3 Qb7 20. Rfe1 Bh6 21. e6 Rf6 22. Re5 Raf8 23. Rae1 Bf4 24.
g4 Bg3 25. Qg2 Bxe1 26. Rxe1 Nd6 27. Bxd6 exd6 28. Qg3 Qe7 29. Qh4 Bd3 30. Ng5 c5 31.
Nf7 c4 32. Nf3 cxb3 33. N3g5 h5 34. gxh5 b2 35. h6 1-0

[Event "Late-Titled-Tuesday-Blitz-October-24-2023"]
[Site "Chess.com"]
[Date "2023.10.24"]
[Round "5"]
[White "NowInChess"]
[Black "RCone"]
[Result "0-1"]
[WhiteElo "2186"]
[BlackElo "2415"]
[TimeControl "180+1"]
[EndTime "14:55:31 PDT"]
[Termination "RCone won on time"]

1. e4 d6 2. d3 g6 3. g3 Bg7 4.
Bg2 e5 5. c4 Nc6 6. Nc3 Nge7 7.
Nge2 f5 8. Be3 O-O 9. O-O Be6 10. f3 Qd7 11. Nd5 Rae8 12. Rc1 b6 13. Qd2 Nd4 14. b4 c5 15. bxc5 dxc5 16. Nxd4 exd4 17. Bg5 Nc6 18. Bh6 Ne5 19. Bxg7 Qxg7 20. h3 g5 21. f4 fxe4 22. fxe5 e3 23. Qe2 Qxe5 24. Kh2 Bf5 25. Rf3 Bg6 26.
Rcf1 Rxf3 27. Qxf3 Kg7 28. Re1 h5 29. Kg1 Rf8 30.
Qe2 Rf2 31. Qd1 Qxg3 0-1

[Event "Late-Titled-Tuesday-Blitz-October-24-2023"]
[Site "Chess.com"]
[Date "2023.10.24"]
[Round "5"]
[White "TheMagician"]
[Black "marik_spb"]
[Result "0-1"]
[WhiteElo "2166"]
[BlackElo "2392"]
[TimeControl "180+1"]
[EndTime "14:55:31 PDT"]
[Termination "marik_spb won on time"]

1. d4 Nf6 2. c4 e6 3. Nf3 d5 4. e3 Be7 5. Nc3 O-O 6. a3 b6 7. cxd5 exd5 8. Bd3 c5 9. Ne5 Bb7 10. O-O Nc6 11. Nxc6 Bxc6 12. Bf5 a5 13. Bd2 Bd7 14. Bd3 c4 15. Bb1 b5 16. e4 dxe4 17. Nxe4 Bc6 18. Qf3 Nxe4 19. Bxe4 Bxe4 20. Qxe4 Re8 21. Qg4 b4 22.
axb4 axb4 23. Rae1 Qc8 24. Qg3 Bf8 25. Rd1 Qc6 26. Bc1 Qd5 27. h4 Rac8 28. Be3 c3 29. bxc3 bxc3 30. Rc1 c2 0-1

[Event "Late-Titled-Tuesday-Blitz-October-24-2023"]
[Site "Chess.com"]
[Date "2023.10.24"]
[Round "5"]
[White "SanchezKelvin"]
[Black "cassoulet"]
[Result "0-1"]
[WhiteElo "2564"]
[BlackElo "2794"]
[TimeControl "180+1"]
[EndTime "14:55:32 PDT"]
[Termination "cassoulet won by checkmate"]

1. e4 c5 2. Nf3 e6 3. d4 cxd4 4. Nxd4 Nf6 5. Nc3 Nc6 6. Nxc6 bxc6 7. e5 Nd5 8. Ne4 Bb7 9. c4 Qa5+ 10. Bd2 Nb4 11. f4 c5 12. Nf2 Qb6 13. Bc3 Rd8 14. a3 Nc6 15. Qa4 Be7 16. Qb5 O-O 17. Qxb6 axb6 18.
Be2 Nd4 19. Bxd4 cxd4 20. O-O d6 21. Nd3 d5 22. cxd5 Bxd5 23. Rfc1 Rc8 24. Kf2 g5 25. g3 f6 26. Rxc8 Rxc8 27. exf6 Bxf6 28. fxg5 Bxg5 29. h4 Be3+ 30. Ke1 Rc2 31. Rd1 Kg7 32. Nb4 Rxb2 33. Nxd5 exd5 34. a4 Ra2 35. Rb1 d3 36. Bxd3 Rxa4 37. Ke2 Bc5 38. Rb2 h5 39. Kf1 Ra3 40. Rd2 Be3 41. Rd1 d4 42. Kg2 Ra2+ 43.
Kf3 Rb2 44. Be2 Kf6 45. Ra1 Ke5 46. Ra8 b5 47. Re8+ Kd6 48. Rd8+ Kc5 49. Rh8 b4 50.
Rxh5+ Kc6 51. Bb5+ Kd6 52. Bd3 b3 53. Rb5 Rf2+ 54.
Ke4 b2 55. g4 Rf4# 0-1

[Event "Late-Titled-Tuesday-Blitz-October-24-2023"]
[Site "Chess.com"]
[Date "2023.10.24"]
[Round "5"]
[White "biostatistician"]
[Black "giomar27"]
[Result "1-0"]
[WhiteElo "2593"]
[BlackElo "2381"]
[TimeControl "180+1"]
[EndTime "14:55:33 PDT"]
[Termination "biostatistician won by resignation"]

1. d4 Nf6 2. Nf3 c5 3. d5 b5 4. c4 g6 5. cxb5 a6 6. b6 d6 7.
Nc3 Nbd7 8. e4 Rb8 9. Nd2 Bg7 10. a4 Rxb6 11. a5 Rb4 12. Nc4 O-O 13. Bd3 Ne8 14. O-O Nc7 15. Na4 Ne5 16. Nxe5 Bxe5 17. f4 Bd4+ 18.
Kh1 f5 19. Nb6 fxe4 20. Bxe4 Bxb2 21. Bxb2 Rxb2 22. Qd3 Bf5 23. Rae1 Rb4 24. Bxf5 Rxf5 25. Re4 Qf8 26. Rxb4 cxb4 27. Qc4 Nb5 28. Qxb4 g5 29. g3 gxf4 30. Rxf4 Rxf4 31. Qxf4 Qxf4 32. gxf4 Na3 33. Kg2 Kf7 34. Kf3 Kf6 35. Ke4 Nc2 36. Na8 e6 37.
dxe6 Kxe6 38. Nc7+ Kd7 39. Nxa6 Kc8 40. Kd5 Kb7 41.
Kxd6 Kxa6 42. f5 Ne3 43. f6 Nf5+ 44. Ke6 Nh6 45. f7 Nxf7 46. Kxf7 h5 47. h4 Kxa5 48. Kg6 Kb6 49. Kxh5 Kc7 50. Kg6 Kd7 51. Kf7 1-0

[Event "Late-Titled-Tuesday-Blitz-October-24-2023"]
[Site "Chess.com"]
[Date "2023.10.24"]
[Round "5"]
[White "FedaMaster"]
[Black "Zhigalko_Sergei"]
[Result "0-1"]
[WhiteElo "2666"]
[BlackElo "2955"]
[TimeControl "180+1"]
[EndTime "14:55:34 PDT"]
[Termination "Zhigalko_Sergei won on time"]

1. e4 c5 2. d4 cxd4 3. c3 Nf6 4. e5 Nd5 5. Nf3 Nc6 6. Bc4 Nb6 7. Bb3 g6 8. cxd4 Bg7 9. h3 O-O 10. Nc3 d6 11.
Bf4 Bf5 12. O-O Rc8 13. exd6 exd6 14. Nb5 Be4 15. Bxd6 Re8 16. Ne5 Bd5 17. Bxd5 Nxd5 18. Qb3 Nxd4 19. Nxd4 Qxd6 20. Nef3 Nf4 21. Rfd1 Qc5 22.
Rd2 Bxd4 23. Nxd4 Qg5 24. Qf3 Nxh3+ 25. Qxh3 Qxd2 26. Nf3 Qxb2 27. Rf1 Rc1 28. Rxc1 Qxc1+ 29. Kh2 Qc7+ 30. g3 Qc5 31. Kg2 Re2 0-1

[Event "Late-Titled-Tuesday-Blitz-October-24-2023"]
[Site "Chess.com"]
[Date "2023.10.24"]
[Round "5"]
[White "GMJustin"]
[Black "Payyappat"]
[Result "0-1"]
[WhiteElo "2270"]
[BlackElo "2524"]
[TimeControl "180+1"]
[EndTime "14:55:37 PDT"]
[Termination "Payyappat won on time"]

1. d4 Nf6 2. c4 c5 3. d5 e6 4. Nc3 exd5 5. cxd5 d6 6. Nf3 g6 7. Nd2 Bg7 8. e4 O-O 9. Be2 Nbd7 10. Nc4 Qe7 11. f3 a6 12. a4 Ne5 13. Nb6 Rb8 14. O-O Nfd7 15. Nxc8 Rfxc8 16. f4 b5 17. axb5 axb5 18.
fxe5 Nxe5 19. Nxb5 c4 20. Ra7 Qh4 21. Nd4 Nd3 22.
Nf3 Qxe4 23. Bxd3 cxd3 24. Kh1 Rc2 25. Rxf7 Bxb2 26. Bxb2 Rbxb2 27. Rf8+ Kxf8 28. Ng5+ Qf5 29. Rxf5+ gxf5 30. h3 d2 31. Qh5 Ke7 32. Qxh7+ Kd8 0-1

[Event "Late-Titled-Tuesday-Blitz-October-24-2023"]
[Site "Chess.com"]
[Date "2023.10.24"]
[Round "5"]
[White "PushingpawnsNYC"]
[Black "C_K_G"]
[Result "1-0"]
[WhiteElo "2344"]
[BlackElo "1922"]
[TimeControl "180+1"]
[EndTime "14:55:38 PDT"]
[Termination "PushingpawnsNYC won on time"]

1. e4 c5 2. Nc3 d6 3. Bc4 e6 4. f4 Nc6 5. a3 a6 6. d3 Nf6 7. Nf3 Be7 8. O-O O-O 9. h3 d5 10. Ba2 dxe4 11. Nxe4 Nd4 12. c3 Nxf3+ 13. Qxf3 Rb8 14.
Nxf6+ Bxf6 15. Rd1 b5 16. Be3 Qc7 17. Rac1 Bb7 18.
Qf2 Rbc8 19. Bb1 Rfd8 20. Rd2 a5 21. Rcd1 b4 22. cxb4 axb4 23. axb4 Bd4 24. bxc5 Qxc5 25. Bxd4 Rxd4 26. Rc2 Qd5 27. Rxc8+ Bxc8 28. Re1 f5 29.
Kh2 Bb7 30. b4 Rxf4 31. Qg3 1-0

[Event "Late-Titled-Tuesday-Blitz-October-24-2023"]
[Site "Chess.com"]
[Date "2023.10.24"]
[Round "5"]
[White "Mikedannnn"]
[Black "Alexei_Gubajdullin"]
[Result "0-1"]
[WhiteElo "2559"]
[BlackElo "2713"]
[TimeControl "180+1"]
[EndTime "14:55:39 PDT"]
[Termination "Alexei_Gubajdullin won by resignation"]

1. e4 g6 2. d4 Bg7 3. Nc3 d6 4. f4 a6 5. Nf3 Nd7 6. Bd3 b5 7. e5 c5 8. Be4 Rb8 9. Be3 cxd4 10. Nxd4 dxe5 11. Nc6 Qc7 12. Nxb8 Qxb8 13. O-O Ngf6 14.
Bd3 b4 15. Ne4 Nd5 16. Qd2 exf4 17. Bxf4 Nxf4 18. Qxf4 Qxf4 19. Rxf4 Bxb2 20. Rb1 Bd4+ 21. Kh1 e5 22. Rff1 a5 23. Nd6+ Ke7 24. Nxf7 Rf8 25.
Ng5 Rxf1+ 26. Rxf1 Nf6 27. Ne4 Nxe4 28. Bxe4 Be6 29. Bc6 Bxa2 30. Ba4 Bc4 31. Re1 Bc3 32. Rd1 e4 33. Rd7+ Ke6 34. Rxh7 e3 35. Rh3 e2 36.
Re3+ Kd6 37. Be8 g5 0-1

[Event "Late-Titled-Tuesday-Blitz-October-24-2023"]
[Site "Chess.com"]
[Date "2023.10.24"]
[Round "5"]
[White "louis198"]
[Black "Mikhal867"]
[Result "1-0"]
[WhiteElo "2653"]
[BlackElo "2433"]
[TimeControl "180+1"]
[EndTime "14:55:40 PDT"]
[Termination "louis198 won by checkmate"]

1. d4 Nf6 2. c4 g6 3. Nc3 Bg7 4. e4 O-O 5. Nf3 d6 6. Be2 e5 7.
O-O Nc6 8. d5 Ne7 9. b4 a5 10.
bxa5 Nh5 11. a4 Nf4 12. Re1 f5 13. Bf1 fxe4 14. Nxe4 Bg4 15. Ra3 Nf5 16. Bxf4 exf4 17. h3 Bh5 18. Neg5 Bxf3 19. Nxf3 Rxa5 20. Bd3 Nh4 21.
Bc2 Rc5 22. Qe2 Nxf3+ 23. Rxf3 Be5 24. Rb3 b6 25. Rb5 f3 26. gxf3 Qg5+ 27. Kf1 Qh4 28. Kg2 Rxc4 29. Be4 Qf4 30. Qxc4 Qh2+ 31. Kf1 Bf6 32.
Ke2 Bh4 33. Rf1 Qe5 34. Rb3 Bg5 35. Qxc7 Ra8 36. Qc3 Qf4 37. Rb4 Bf6 38. Qe3 Qe5 39. Rc1 Bg5 40. Qc3 Bxc1 41. Qxc1 Qf6 42. Qb2 Qh4 43.
Rxb6 Rxa4 44. Rb8+ Kf7 45. Qb7+ Kf6 46. Rf8+ Ke5 47.
Qg7+ Qf6 48. Qxf6# 1-0

[Event "Late-Titled-Tuesday-Blitz-October-24-2023"]
[Site "Chess.com"]
[Date "2023.10.24"]
[Round "5"]
[White "CraiggoryC"]
[Black "ikhasu"]
[Result "1-0"]
[WhiteElo "2183"]
[BlackElo "2373"]
[TimeControl "180+1"]
[EndTime "14:55:42 PDT"]
[Termination "CraiggoryC won on time"]

1. e4 c5 2. Nf3 a6 3. c3 d6 4.
d4 cxd4 5. cxd4 Nf6 6. Nc3 e6 7.
Bg5 Be7 8. Qd2 O-O 9. Bd3 Nc6 10.
O-O-O b5 11. Kb1 b4 12. Ne2 d5 13. e5 Ne4 14. Bxe4 dxe4 15. Bxe7 Qxe7 16. Ng5 Bb7 17. Qf4 f5 18. exf6 Rxf6 19. Qxe4 Rg6 20. h4 b3 21. Nf4 bxa2+ 22. Ka1 Rh6 23. Nfxe6 Nb4 24. d5 Rc8 25. d6 Qxd6 26. Qxb7 Nc2+ 27. Kxa2 Nb4+ 28. Kb1 Rc1+ 29. Rxc1 Qd3+ 30. Ka1 1-0

[Event "Late-Titled-Tuesday-Blitz-October-24-2023"]
[Site "Chess.com"]
[Date "2023.10.24"]
[Round "5"]
[White "Lady_Nika"]
[Black "Meri-Arabidze"]
[Result "1-0"]
[WhiteElo "2534"]
[BlackElo "2617"]
[TimeControl "180+1"]
[EndTime "14:55:43 PDT"]
[Termination "Lady_Nika won on time"]

1. e4 c5 2. Nc3 Nc6 3. g3 g6 4. Bg2 Bg7 5. d3 d6 6. f4 e6 7. Nf3 Nge7 8. O-O O-O 9. Rb1 Rb8 10. Ne2 b5 11. Be3 Qc7 12. h4 Bb7 13. h5 c4 14.
hxg6 hxg6 15. d4 Nd8 16. Nd2 f5 17. c3 Nf7 18. Qc2 Nh6 19. Bh3 a6 20. Rf2 Kf7 21. b3 cxb3 22. Qxb3 Rbc8 23. Rc1 Neg8 24. d5 exd5 25. exf5 Nxf5 26. Bxf5 gxf5 27. Bd4 Nf6 28.
Nf3 Ne4 29. Ng5+ Kg6 30. Ne6 Bxd4 31. N2xd4 Qb6 32. Nxf8+ Rxf8 33. Rh2 Rc8 34. Qd1 Nf6 35. Qd3 Ne4 36. Qf3 Nf6 37. Re1 b4 38. Re6 Kf7 39.
Rxf6+ Kxf6 40. Rh6+ Ke7 41. Qe3+ Kd8 42. Rh7 1-0

[Event "Late-Titled-Tuesday-Blitz-October-24-2023"]
[Site "Chess.com"]
[Date "2023.10.24"]
[Round "5"]
[White "Mariia89"]
[Black "Eloist"]
[Result "0-1"]
[WhiteElo "2191"]
[BlackElo "2442"]
[TimeControl "180+1"]
[EndTime "14:55:43 PDT"]
[Termination "Eloist won by checkmate"]

1. d4 e6 2. Nf3 Nf6 3. Bg5 c5 4. e3 Be7 5. c3 b6 6. Bd3 Bb7 7. Nbd2 cxd4 8. exd4 Nd5 9. Bxe7 Qxe7 10. g3 O-O 11. Qe2 d6 12. O-O a6 13. Rfe1 b5 14.
a4 bxa4 15. Rxa4 Nc6 16. c4 Ndb4 17. Bb1 Qd7 18. d5 exd5 19. cxd5 Rae8 20. Qc4 Rxe1+ 21. Nxe1 Re8 22. Nef3 Nxd5 23. Qxd5 Ne5 24. Nxe5 Rxe5 25. Bxh7+ Kxh7 26. Qd3+ Kg8 27. Ra1 Qc6 28. f3 Qb6+ 29. Kg2 Qxb2 30. Rf1 Rd5 31. Qe3 Rxd2+ 32. Kh3 Rxh2+ 33.
Kg4 Bc8+ 34. Kg5 Qf6# 0-1

[Event "Late-Titled-Tuesday-Blitz-October-24-2023"]
[Site "Chess.com"]
[Date "2023.10.24"]
[Round "5"]
[White "Alex_Sahakyan2006"]
[Black "Truequitos"]
[Result "1-0"]
[WhiteElo "2746"]
[BlackElo "2489"]
[TimeControl "180+1"]
[EndTime "14:55:44 PDT"]
[Termination "Alex_Sahakyan2006 won by resignation"]

1. e4 e6 2. d4 d5 3. Bd3 Nf6 4. e5 Nfd7 5. c3 c5 6. Ne2 Nc6 7. a3 a5 8. Nd2 Qb6 9. Nf3 Be7 10.
O-O O-O 11. h4 f6 12. Nf4 Nd8 13. exf6 Nxf6 14. Ng5 h6 15. Ng6 hxg5 16. Nxe7+ Kf7 17. Ng6 Re8 18. hxg5 Ne4 19. Qh5 Rg8 20. Qh7 Nc6 21. Bf4 Bd7 22. Bxe4 dxe4 23. Qh5 Ke8 24. Bd6 Kd8 25. dxc5 Qxb2 26. Rab1 Qxc3 27. Rxb7 Ra7 28.
Rxa7 Nxa7 29. Ne5 Be8 30. g6 Nc6 31. Qg5+ Kc8 32. Nxc6 Bxc6 33. Qe7 Bd7 34. Rb1 1-0

[Event "Late-Titled-Tuesday-Blitz-October-24-2023"]
[Site "Chess.com"]
[Date "2023.10.24"]
[Round "5"]
[White "tteshan"]
[Black "mjelcic"]
[Result "1-0"]
[WhiteElo "2516"]
[BlackElo "2152"]
[TimeControl "180+1"]
[EndTime "14:55:44 PDT"]
[Termination "tteshan won by checkmate"]

1. e4 g6 2. d4 Bg7 3. c4 d6 4. Nc3 Nf6 5. Be2 O-O 6. Bg5 Qe8 7. Qd2 e5 8. d5 a5 9. h4 h5 10. f3 Na6 11. Nh3 Nd7 12. Nf2 f6 13. Be3 f5 14.
Bg5 f4 15. O-O-O Ndc5 16. Kb1 Bf6 17. Rdg1 Bxg5 18. hxg5 Nb4 19. g3 fxg3 20. Rxg3 Kg7 21. a3 Nba6 22. Bd1 Bd7 23. Bc2 Qe7 24. Ne2 Rf7 25. f4 exf4 26. Nxf4 Raf8 27. N2h3 Bxh3 28. Nxh3 Qe5 29. Re3 a4 30. Rhe1 Rf3 31. Ng1 Rf2 32. Qd1 Qxg5 33. Nh3 Qe5 34. Nxf2 Rxf2 35. Rf3 Rh2 36.
Re2 Rh4 37. Qf1 Nb3 38. Rf8 Kh6 39. Bxb3 axb3 40. Qc1+ Kg7 41. Ref2 Rh2 42. R2f7# 1-0

[Event "Late-Titled-Tuesday-Blitz-October-24-2023"]
[Site "Chess.com"]
[Date "2023.10.24"]
[Round "5"]
[White "dennisodessa"]
[Black "tylityli"]
[Result "1-0"]
[WhiteElo "2551"]
[BlackElo "2314"]
[TimeControl "180+1"]
[EndTime "14:55:45 PDT"]
[Termination "dennisodessa won on time"]

1. d4 Nf6 2. c4 e6 3. Nc3 Bb4 4.
Qc2 d5 5. a3 Bxc3+ 6. Qxc3 O-O 7. Bg5 h6 8. Bxf6 Qxf6 9. Nf3 c5 10. cxd5 cxd4 11. Qxd4 Qxd4 12. Nxd4 exd5 13. e3 Nc6 14. Rd1 Be6 15. Be2 Rac8 16. Nxe6 fxe6 17. O-O Ne5 18.
Rc1 Kf7 19. f4 Nd7 20. Kf2 Nf6 21. Bd3 Ke7 22. h3 h5 23. Kg3 Kd6 24. Kh4 Rc6 25. Rxc6+ bxc6 26. b4 c5 27. bxc5+ Kxc5 28. Rc1+ Kd6 29.
Bb5 Rb8 30. Rc6+ Ke7 31. a4 Rb7 32. Kg5 Ne8 33. Kxh5 Nd6 34. Kg6 Nf5 35. g4 Nxe3 36. Ba6 Rb6 37. Rxb6 axb6 38. Kxg7 Ng2 39. f5 exf5 40.
gxf5 Ne3 41. f6+ Ke6 42. Bc8+ Ke5 43. f7 1-0

[Event "Late-Titled-Tuesday-Blitz-October-24-2023"]
[Site "Chess.com"]
[Date "2023.10.24"]
[Round "5"]
[White "Bauman_Guy"]
[Black "Duhless"]
[Result "0-1"]
[WhiteElo "2916"]
[BlackElo "3120"]
[TimeControl "180+1"]
[EndTime "14:55:46 PDT"]
[Termination "Duhless won by resignation"]

1. e4 c5 2. Nf3 e6 3. d4 cxd4 4. Nxd4 Nf6 5. Nc3 Nc6 6. Ndb5 Bc5 7. Nd6+ Ke7 8. Bf4 e5 9. Nf5+ Kf8 10. Bg5 Bb4 11. Bc4 d5 12. Bxf6 Qxf6 13. Qxd5 Bxf5 14. exf5 Rd8 15. Qb5 g6 16. O-O Bxc3 17. bxc3 gxf5 18. Rad1 Kg7 19. Qxb7 e4 20. Bxf7 Rb8 21. Qd7 Ne5 22. Qxa7 Qxf7 23. Qe3 Rhe8 24. h3 Kh8 25. Rd6 Qg7 26.
Rd5 Rbc8 27. Kh1 Qf6 28. Rfd1 Rc6 29. Qd4 Rce6 30. a4 Qg6 31. a5 f4 32. a6 f3 33.
g3 Qh5 34. h4 Qf5 35. Kh2 Rxa6 36. Re1 h5 37. Rxe4 Qxe4 38. Qxe4 Ng4+ 39. Qxg4 hxg4 40. Rh5+ Kg7 41. Rg5+ Rg6 0-1

[Event "Late-Titled-Tuesday-Blitz-October-24-2023"]
[Site "Chess.com"]
[Date "2023.10.24"]
[Round "5"]
[White "katharinareinecke"]
[Black "Darko-Dimitrijevic"]
[Result "0-1"]
[WhiteElo "1860"]
[BlackElo "2118"]
[TimeControl "180+1"]
[EndTime "14:55:46 PDT"]
[Termination "Darko-Dimitrijevic won by resignation"]

1. d4 f5 2. c4 Nf6 3. Nc3 e6 4. g3 Bb4 5. Bg2 O-O 6. Nf3 d5 7. O-O Ne4 8. Nxe4 fxe4 9. Ne5 Nd7 10. a3 Bd6 11. Nxd7 Bxd7 12. c5 Be7 13. b4 Bb5 14. Qc2 Bf6 15. Be3 Qd7 16. Rac1 a5 17.
f3 axb4 18. fxe4 Rxa3 19. Bf2 dxe4 20. Bxe4 g6 21. Rfd1 c6 22. e3 Rfa8 23. Rb1 Ba4 24. Qc4 Bxd1 25. Rxd1 R8a4 26. Rb1 Rc3 27. Qe2 b3 28.
Qg4 Kf7 29. Bxg6+ hxg6 30. Qh3 Kg7 31. g4 Qd5 32. Bh4 g5 33. Bg3 Ra2 34. Rf1 b2 35.
Be5 Bxe5 36. dxe5 Rc1 37. Qf3 Qxf3 0-1

[Event "Late-Titled-Tuesday-Blitz-October-24-2023"]
[Site "Chess.com"]
[Date "2023.10.24"]
[Round "5"]
[White "ShahxaibKhan"]
[Black "filipluczak05"]
[Result "0-1"]
[WhiteElo "2428"]
[BlackElo "2617"]
[TimeControl "180+1"]
[EndTime "14:55:47 PDT"]
[Termination "filipluczak05 won on time"]

1. e4 g6 2. d4 Bg7 3. Nc3 c5 4. dxc5 Bxc3+ 5. bxc3 Nf6 6. e5 Ne4 7. Qd4 Qa5 8. Qb4 Qxc5 9. Qxe4 Qxc3+ 10. Kd1 Qxa1 11.
Bc4 Nc6 12. Nf3 b5 13. Bxb5 Rb8 14. Bc4 Rb1 15. Kd2 O-O 16. Bb3 d5 17. exd6 Rd8 18. Ba3 Rxh1 19. Qxc6 Bg4 20. Qc7 Rc8 21. Qxe7 Rd1+ 22.
Ke3 Rf8 23. Kf4 Bxf3 24. gxf3 Qd4+ 25. Kg3 Rg1+ 26. Kh3 Qxf2 27. Bxf7+ Rxf7 28. Qe8+ Kg7 29. Qe5+ Kh6 30. Bc1+ Rxc1 0-1

[Event "Late-Titled-Tuesday-Blitz-October-24-2023"]
[Site "Chess.com"]
[Date "2023.10.24"]
[Round "5"]
[White "Iball95"]
[Black "AndresDelgado77"]
[Result "1-0"]
[WhiteElo "2807"]
[BlackElo "2351"]
[TimeControl "180+1"]
[EndTime "14:55:49 PDT"]
[Termination "Iball95 won on time"]

1. e4 e6 2. d4 d5 3. Nc3 Nf6 4. Bd3 c5 5. Nf3 c4 6. e5 cxd3 7. exf6 dxc2 8. Qxc2 gxf6 9. O-O Nc6 10. Bf4 Bd6 11. Qd2 Bxf4 12. Qxf4 O-O 13. Rfe1 a6 14. Re3 Kg7 15. Rae1 Ne7 16. Nh4 Ng6 17. Rg3 f5 18. Nf3 Kh8 19. Qh6 Qf6 20. h4 Qg7 21. Qd2 f4 22. Rg5 h6 23. Rh5 f6 24. Na4 Bd7 25. Nc5 Rae8 26. Nxd7 Qxd7 27. Rxh6+ Kg7 28. Rxg6+ Kxg6 29. Qxf4 Kh7 30. Re3 Qg7 31. Nh2 Qh6 32. Qc7+ Kh8 33.
Ng4 Qg7 34. Qf4 Rg8 35. Rg3 Ref8 36. Nh6 1-0

[Event "Late-Titled-Tuesday-Blitz-October-24-2023"]
[Site "Chess.com"]
[Date "2023.10.24"]
[Round "5"]
[White "SergioMoralesG"]
[Black "protectiago"]
[Result "1-0"]
[WhiteElo "2412"]
[BlackElo "2062"]
[TimeControl "180+1"]
[EndTime "14:55:49 PDT"]
[Termination "SergioMoralesG won on time"]

1. d4 Nf6 2. c4 g6 3. Nc3 d5 4. Nf3 Bg7 5. e3 O-O 6. cxd5 Nxd5 7. Bc4 Nxc3 8. bxc3 c5 9. O-O Qa5 10. Bb2 Nc6 11. h3 b5 12. Bd5 Qb6 13. Qe2 Rd8 14.
Bb3 a5 15. Ng5 c4 16. Bc2 Ba6 17. f4 e6 18. h4 Ne7 19. h5 b4 20. hxg6 hxg6 21.
Qg4 Nd5 22. Nxf7 Kxf7 23. Qxg6+ Kg8 24. Qh7+ Kf8 25. f5 Nf6 26. Qg6 Bb7 27. Rf2 exf5 28.
Rxf5 Kg8 29. Raf1 Rf8 30. cxb4 Qc6 31. d5 1-0

[Event "Late-Titled-Tuesday-Blitz-October-24-2023"]
[Site "Chess.com"]
[Date "2023.10.24"]
[Round "5"]
[White "lukas_111111"]
[Black "Drags95"]
[Result "1-0"]
[WhiteElo "2654"]
[BlackElo "2842"]
[TimeControl "180+1"]
[EndTime "14:55:50 PDT"]
[Termination "lukas_111111 won by checkmate"]

1. b3 d5 2. Bb2 Bf5 3. d3 Nf6 4. Nd2 e6 5. g3 h6 6. Bg2 Be7 7. e4 Bh7 8. Nh3 O-O 9. O-O c5 10.
Nf4 Nc6 11. Rb1 d4 12. Qe2 e5 13. Nd5 Re8 14. a3 Bf8 15. Kh1 b5 16. Qf3 Re6 17. Bh3 Rd6 18. Nxf6+ Rxf6 19. Qg2 Bd6 20. Nf3 a5 21. Nh4 a4 22. bxa4 Rxa4 23. Bc1 Qa5 24. f4 c4 25. f5 Be7 26. g4 Rd6 27. g5 hxg5 28. Bxg5 Qd8 29. Bxe7 Qxe7 30. Rg1 Qf8 31. Rxb5 Rh6 32. Nf3 cxd3 33. cxd3 Rxa3 34. Nxe5 Nxe5 35. Rxe5 Rxd3 36. Re8 Rdxh3 37. Qxg7# 1-0

[Event "Late-Titled-Tuesday-Blitz-October-24-2023"]
[Site "Chess.com"]
[Date "2023.10.24"]
[Round "5"]
[White "DvaHrasta"]
[Black "BeanScreen"]
[Result "0-1"]
[WhiteElo "2489"]
[BlackElo "2708"]
[TimeControl "180+1"]
[EndTime "14:55:53 PDT"]
[Termination "BeanScreen won on time"]

1. c4 e5 2. g3 Nf6 3. Bg2 Bc5 4. Nc3 O-O 5. Nf3 Nc6 6. Nxe5 Bxf2+ 7. Kxf2 Nxe5 8. d4 Nxc4 9. e4 d6 10. Rf1 Ng4+ 11. Kg1 Nce3 12. Bxe3 Nxe3 13. Qd2 Nxf1 14.
Rxf1 c6 15. d5 Bg4 16. h3 Bh5 17. Kh2 Re8 18. a4 Bg6 19. b4 Qe7 20. dxc6 bxc6 21. b5 Qe5 22. bxc6 Rac8 23. Rf5 Bxf5 24. exf5 Qe3 25.
Qb2 Qd4 26. Qc2 Re1 27. h4 Qg1+ 28. Kh3 Qc5 29. Qd2 Qxf5+ 30. Kh2 Qe5 31. Nb5 Rxc6 32.
Nd4 Re3 33. Bf3 Rc4 34. Nc6 Rxc6 35. Bxc6 Qxg3+ 0-1

[Event "Late-Titled-Tuesday-Blitz-October-24-2023"]
[Site "Chess.com"]
[Date "2023.10.24"]
[Round "5"]
[White "becemix"]
[Black "Mbneu"]
[Result "1-0"]
[WhiteElo "2376"]
[BlackElo "2248"]
[TimeControl "180+1"]
[EndTime "14:55:53 PDT"]
[Termination "becemix won by resignation"]

1. d4 Nf6 2. Nc3 c5 3. e3 cxd4 4. exd4 g6 5. Nf3 Bg7 6. Bf4 O-O 7. Bd3 d6 8. O-O Nc6 9. h3 Be6 10. Re1 Rc8 11. Bg5 Nb4 12. Bb5 a6 13. Ba4 Nbd5 14. Nxd5 Bxd5 15. Bb3 Bc4 16. c3 Re8 17. Bxc4 Rxc4 18. Qb3 b5 19. a4 Qb6 20. axb5 Qxb5 21. Qxb5 axb5 22. Ra7 e6 23. Nd2 Rcc8 24. Bf4 Bf8 25.
Rea1 Nd5 26. Bg3 Re7 27. Ra8 Rec7 28. Rxc8 Rxc8 29. Ra7 Rb8 30. Kf1 Kg7 31. Rd7 Rb6 32.
Ne4 Nf6 33. Nxf6 Kxf6 34. Rd8 Kg7 35. Ke2 Be7 36. Rd7 Bf8 37. Kd3 h6 38. Kc2 g5 39.
Kb3 d5 40. Rd8 Be7 41. Rb8 Rxb8 42. Bxb8 f6 43. Ba7 e5 44. Bc5 Bd8 45. Kb4 e4 46.
Kxb5 Bc7 47. Kc6 Bh2 48. Kxd5 f5 49. Ke6 Kg6 50. d5 f4 51. d6 g4 52. hxg4 1-0

[Event "Late-Titled-Tuesday-Blitz-October-24-2023"]
[Site "Chess.com"]
[Date "2023.10.24"]
[Round "5"]
[White "Evandro_Barbosa"]
[Black "financieru"]
[Result "0-1"]
[WhiteElo "2678"]
[BlackElo "2405"]
[TimeControl "180+1"]
[EndTime "14:55:57 PDT"]
[Termination "financieru won on time"]

1. e4 c5 2. Nf3 e6 3. d3 Nc6 4.
g3 d5 5. Qe2 Nf6 6. Bg2 Be7 7.
O-O O-O 8. e5 Nd7 9. c4 d4 10.
h4 Rb8 11. h5 h6 12. Bf4 a6 13.
Nbd2 b5 14. Rfe1 Bb7 15. Ne4 bxc4 16. dxc4 Qc7 17. Nd6 Ba8 18. Qd2 Ndxe5 19. Nxf7 Rxf7 20. Bxe5 Nxe5 21. Nxe5 Rf5 22. Ng6 Bxg2 23. Kxg2 e5 24.
Qe2 Rbf8 25. f4 Bd6 26. fxe5 Qb7+ 27. Qe4 Qxb2+ 28. Kh3 Rxh5+ 29. Kg4 Rg5+ 30. Kh3 Rh5+ 31. Kg4 Qh2 32. Qd5+ Rf7 0-1